[Event "*** SCC Grand Prix: Titled Tuesday Blitz"]
[Site "Chess.com"]
[Date "2020.07.14"]
[Round "8"]
[White "WIDBIFS"]
[Black "AldokhinIvan"]
[Result "1-0"]
[WhiteElo "2748"]
[BlackElo "2589"]
[TimeControl "180+1"]
[EndTime "11:37:59 PDT"]
[Termination "WIDBIFS won by resignation"]

1. d4 Nf6 2. Nf3 g6 3. g3 Bg7 4. Bg2 O-O 5. O-O d6 6. c4 c6 7. Nc3 Bf5 8. Ne1 Na6 9. e4 Bg4 10. f3 Bd7 11. Be3 b5 12. cxb5 cxb5 13. e5 Ne8 14. f4 b4 15. Ne4 Bb5 16. Rf2 Nec7 17. Rc1 Nd5 18. Bd2 dxe5 19. fxe5 Qb6 20. Nc5 Rad8 21.
Qb3 e6 22. Nf3 Rc8 23. Ne4 Rxc1+ 24. Bxc1 Rc8 25. Rc2 Rc6 26. Rxc6 Qxc6 27. Bd2 Bc4 28. Qc2 Bf8 29. Bf1 Nb6 30. b3 Bd5 31. Qxc6 Bxc6 32. Nf6+ Kg7 33. Bxa6 Bxf3 34. Kf2 Bc6 35. Bc4 Be7 36.
Ke3 Bxf6 37. exf6+ Kxf6 38. Kd3 Nd5 39. Bxd5 exd5 40. Bxb4 Bb5+ 41. Ke3 Kf5 42. Bc5 Bf1 43. Bxa7 Kg4 44. Bb8 Kh3 45. Kf2 Bd3 46. Ke3 Bb1 47. a4 Bc2 48. a5 Bxb3 49. a6 Ba4 50. a7 Bc6 51. Kf4 f6 52. g4 Kxh2 53. g5 fxg5+ 54.
Kxg5+ Kh3 55. Kh6 Kh4 56. Kxh7 g5 57. Kg6 g4 58. Kf6 g3 59. Ke7 g2 60. Bh2 Kg4 61. Kd6 Ba8 62. Kc7 Kf3 63. Bg1 Ke2 64. Kb8 Bc6 65.
a8=Q Bxa8 66. Kxa8 Kf1 67. Bh2 g1=Q 68. Bxg1 Kxg1 69. Kb7 Kf2 70. Kc6 Ke3 71. Kxd5 Kd3 72. Ke5 1-0

[Event "*** SCC Grand Prix: Titled Tuesday Blitz"]
[Site "Chess.com"]
[Date "2020.07.14"]
[Round "8"]
[White "ZverevLev"]
[Black "Chuchofrio1"]
[Result "0-1"]
[WhiteElo "2312"]
[BlackElo "2182"]
[TimeControl "180+1"]
[EndTime "11:38:01 PDT"]
[Termination "Chuchofrio1 won on time"]

1. e4 c5 2. Nf3 e6 3. d4 cxd4 4. Nxd4 Nf6 5. Nc3 Nc6 6. Ndb5 Bc5 7. Nd6+ Ke7 8. Bf4 e5 9. Nf5+ Kf8 10. Be3 Bb4 11.
Bd3 d5 12. exd5 Nxd5 13. O-O Nxe3 14. fxe3 Bxc3 15. bxc3 g6 16. Nh6 Be6 17. Qf3 Qe7 18.
Ng4 f5 19. e4 f4 20. Ne3 Kg7 21. Nd1 Rhf8 22. Kh1 Kh8 23. Nf2 g5 24. Qe2 Qg7 25. Bc4 Rae8 26. Bxe6 Rxe6 27. Rad1 g4 28. Qxg4 Rg6 29.
Qf3 Rg8 30. Nh3 Nd8 31. Rd2 Ne6 32. Rfd1 Qh6 33. c4 Qh4 34. Qc3 Qh5 35. Rd5 Rxg2 36. Qxe5+ Qxe5 37. Rxe5 Nf8 38. Nxf4 Rxc2 39. Re8 Ng6 40.
Rxg8+ Kxg8 41. Nxg6 hxg6 42. Rd8+ Kf7 43. Rd7+ Ke6 44.
Rxb7 Rxa2 45. c5 Ke5 46. c6 Kxe4 47. c7 Rc2 48. Rxa7 Kf3 49. h4 Kg3 50. Ra3+ Kxh4 51. Ra7 g5 52. Ra3 Rxc7 53. Kg1 Rc2 54. Kf1 g4 55. Kg1 g3 56. Ra8 Rc1+ 57. Kg2 Rc2+ 58.
Kg1 Kg4 0-1

[Event "*** SCC Grand Prix: Titled Tuesday Blitz"]
[Site "Chess.com"]
[Date "2020.07.14"]
[Round "8"]
[White "viktorskliarov"]
[Black "S2PAc"]
[Result "1-0"]
[WhiteElo "2606"]
[BlackElo "2733"]
[TimeControl "180+1"]
[EndTime "11:38:02 PDT"]
[Termination "viktorskliarov won by resignation"]

1. e4 c6 2. d4 d5 3. exd5 cxd5 4. Bd3 Nc6 5. c3 Nf6 6. Ne2 Bg4 7. O-O e6 8. Qe1 Bd6 9. f3 Bh5 10. Qh4 Rg8 11. Bg5 Bg6 12. Bxg6 hxg6 13. Nd2 Qe7 14. f4 O-O-O 15. Nf3 Rh8 16. Qe1 Qc7 17. Ne5 Kb8 18.
Nxc6+ Qxc6 19. Nc1 Rc8 20. Bxf6 gxf6 21. Nd3 Qa6 22. Qe3 g5 23. g3 gxf4 24. Nxf4 Qb6 25.
Rf2 f5 26. Nd3 Qc7 27. Ne5 Bxe5 28. Qxe5 Qxe5 29. dxe5 Rc4 30. Rf4 Rxf4 31. gxf4 Rh4 32. Rf1 Kc7 33. Kg2 Kd7 34. h3 Ke7 35. Kg3 Rh8 36. Rh1 f6 37. exf6+ Kxf6 38. h4 Rd8 39. h5 d4 40. cxd4 Rxd4 41. h6 Rd3+ 42. Kf2 Rd8 43. Ke3 e5 44. fxe5+ Kxe5 45. h7 Rh8 46. Rh4 b6 47. b3 b5 48. b4 a6 49. a3 Kf6 50. Kf4 Kg6 51. Rh1 Kf6 52. Rh6+ Kg7 53. Rxa6 Kxh7 54. Kxf5 Re8 55. Ra5 Re3 56. Rxb5 Rxa3 57. Rb7+ Kg8 58. b5 Kf8 59. Ke6 Re3+ 60. Kd6 Rd3+ 61. Kc7 Rc3+ 62. Kb8 Ke8 63. b6 Kd8 64. Rh7 Rc8+ 65. Ka7 Rc1 66. b7 Ra1+ 67. Kb8 Rb1 68. Rh8+ Kd7 69. Rh4 Kc6 70. Kc8 Rxb7 71. Rh6+ Kd5 72. Kxb7 1-0

[Event "*** SCC Grand Prix: Titled Tuesday Blitz"]
[Site "Chess.com"]
[Date "2020.07.14"]
[Round "8"]
[White "WPWPWP-2015"]
[Black "SargissyanSargis"]
[Result "1-0"]
[WhiteElo "2431"]
[BlackElo "2302"]
[TimeControl "180+1"]
[EndTime "11:38:03 PDT"]
[Termination "WPWPWP-2015 won by resignation"]

1. e4 e5 2. Nf3 Nc6 3. Bb5 a6 4. Bxc6 dxc6 5. d4 exd4 6. Qxd4 Qxd4 7. Nxd4 Nf6 8. f3 c5 9. Ne2 Be6 10. Nbc3 O-O-O 11. Nf4 Bd7 12. Be3 Bd6 13. O-O-O b6 14. Nfd5 Nxd5 15. Nxd5 Kb7 16. Bf4 Be6 17. Bxd6 Rxd6 18.
Nf4 Kc6 19. Nxe6 Rxe6 20. Rd5 Rd6 21. Rhd1 Rxd5 22. Rxd5 Re8 23. Kd2 b5 24. c4 b4 25.
b3 a5 26. Kc2 Ra8 27. h4 a4 28. Kb2 axb3 29. axb3 Re8 30. h5 h6 31. Kc2 Ra8 32. Kb2 Re8 33. g4 f6 34. Kc2 Ra8 35. Kd2 Ra3 36.
Rd3 Ra2+ 37. Ke3 Rc2 38. Kf4 Rc1 39. Re3 Rc2 40. e5 fxe5+ 41. Kxe5 Rc3 42. Ke4 Rc2 43.
f4 Kd6 44. Kf5 Rc3 45. Re6+ Kd7 46. Re5 Kd6 47. Rd5+ Ke7 48. Rxc5 Rxb3 49. Rxc7+ Kd6 50. Rxg7 Rc3 51. Rb7 Rxc4 52. g5 Kc6 53. Rb8 Rc5+ 54. Ke4 hxg5 55. h6 Rc4+ 56. Kd3 Rxf4 57. h7 Rf3+ 58. Ke2 Rh3 59. h8=Q Rxh8 60. Rxh8 Kd5 61. Rg8 Kc4 62. Rxg5 Kb3 63. Kd2 Kb2 64. Rb5 b3 65. Kd3 Ka2 66. Kc3 Ka1 67. Rxb3 Ka2 68. Rb7 Ka1 69. Rb6 Ka2 70. Rb5 Ka1 71. Kc2 1-0

[Event "*** SCC Grand Prix: Titled Tuesday Blitz"]
[Site "Chess.com"]
[Date "2020.07.14"]
[Round "8"]
[White "SiddharthGMJagadeesh"]
[Black "tk22h"]
[Result "1-0"]
[WhiteElo "2518"]
[BlackElo "2320"]
[TimeControl "180+1"]
[EndTime "11:38:06 PDT"]
[Termination "SiddharthGMJagadeesh won on time"]

1. Nf3 Nf6 2. c4 c5 3. g3 Nc6 4. Bg2 e6 5. O-O d5 6. cxd5 Nxd5 7. d4 Be7 8. dxc5 Bxc5 9. Qc2 Be7 10. Rd1 Qb6 11. a3 O-O 12. e4 Nf6 13. Be3 Qc7 14.
Nc3 Bd7 15. Nb5 Qc8 16. Bf4 e5 17. Bg5 Be6 18. Rac1 a6 19. Nd6 Bxd6 20. Rxd6 Nd4 21. Nxd4 exd4 22. e5 Qxc2 23. Rxc2 Nd7 24. Rxd4 Nxe5 25.
Bxb7 Rab8 26. Bg2 f6 27. Bf4 Rfd8 28. Rxd8+ Rxd8 29. Rd2 Rc8 30. Bd5 Bxd5 31. Rxd5 Nc4 32. Rd7 Nxb2 33. Ra7 Rc6 34. Kg2 Nc4 35. a4 Nb2 36. a5 Nc4 37. Bc7 h5 38. Bb6 Kh7 39. Rxa6 Nxa5 40. Rxa5 Rxb6 41. Rxh5+ Kg6 42. Rd5 Rb3 43.
h4 Kf7 44. Rd2 g6 45. Re2 f5 46. Re3 Rb2 47. Kf3 Rb4 48. Rd3 Ra4 49. Ke3 Re4+ 50.
Kf3 Ra4 51. Ke3 Re4+ 52. Kd2 Ra4 53. f3 Ra2+ 54. Ke3 Ra4 55. Rd4 Ra3+ 56. Kf4 Kf6 57. Rd6+ Kf7 58. Rb6 Rc3 59. Rd6 Ra3 60. Rd4 Rb3 61. Rd2 Ra3 62. Re2 Rb3 63. Re3 Rb1 64. Ra3 Rb7 65. Kg5 Kg7 66. Ra6 Rb3 67. Rxg6+ Kh7 68.
Rh6+ Kg7 69. Rg6+ Kh7 70. Rh6+ Kg7 71. Rd6 Rxf3 72. Rd7+ Kg8 73. g4 fxg4 74. Kxg4 1-0

[Event "*** SCC Grand Prix: Titled Tuesday Blitz"]
[Site "Chess.com"]
[Date "2020.07.14"]
[Round "8"]
[White "Gusarov91"]
[Black "Sanyura"]
[Result "1-0"]
[WhiteElo "2632"]
[BlackElo "2475"]
[TimeControl "180+1"]
[EndTime "11:38:08 PDT"]
[Termination "Gusarov91 won on time"]

1. d4 Nf6 2. Nf3 g6 3. c4 Bg7 4. Nc3 O-O 5. Bg5 d6 6. e3 a6 7.
Rc1 c6 8. Qc2 b5 9. a3 Nbd7 10.
Bd3 Bb7 11. O-O Rc8 12. b4 bxc4 13. Bxc4 c5 14. Qe2 cxb4 15. axb4 Bxf3 16. gxf3 a5 17. b5 Nb6 18. Ba2 Qd7 19. Kg2 Rc7 20. Bxf6 Bxf6 21. Nd5 Nxd5 22. Bxd5 Rxc1 23. Rxc1 Rb8 24. Bc6 Qa7 25.
Qa2 e5 26. dxe5 Bxe5 27. f4 Bf6 28. Rd1 Rd8 29. Qa4 Qc7 30. Rd3 h5 31. Ra3 d5 32.
Qxa5 Qc8 33. h3 d4 34. Qa6 Qf5 35. b6 dxe3 36. Rxe3 Qxf4 37. b7 Be5 38. Qe2 Bb8 39.
Qf3 Qh2+ 40. Kf1 Qd6 41. Re8+ Rxe8 42. Bxe8 f5 43. Qb3+ Kg7 44. Qf7+ Kh6 45. Ba4 Qa6+ 46. Kg1 Qd6 47. Qb3 Qh2+ 48. Kf1 Ba7 49. Qf3 Qe5 50. Bc6 h4 51. Kg2 Bb8 52. Kf1 Kg7 53. Bd7 Kf6 54.
Qc6+ Kg5 55. Qf3 Qd4 56. Bc6 Qc4+ 57. Kg2 Kf6 58. Bd5 Qd4 59. Bc6 Ba7 60. Qe3 Qd6 61. Qxa7 Qxc6+ 62. Kg1 Qc1+ 63. Kg2 Qc6+ 64. f3 Qc2+ 65.
Qf2 Qb3 66. Qd4+ Kf7 67. Qd7+ Kf6 68. Qd8+ Ke6 69. Qc8+ Kf7 70. b8=Q Qa2+ 71. Kf1 Qa1+ 72. Ke2 Qa2+ 73. Kd3 Qd5+ 74. Kc3 Qxf3+ 75. Kb4 1-0

[Event "*** SCC Grand Prix: Titled Tuesday Blitz"]
[Site "Chess.com"]
[Date "2020.07.14"]
[Round "8"]
[White "Jungle_Jaguar"]
[Black "aNaartjieZA"]
[Result "1/2-1/2"]
[WhiteElo "2654"]
[BlackElo "2494"]
[TimeControl "180+1"]
[EndTime "11:38:09 PDT"]
[Termination "Game drawn by repetition"]

1. e4 e6 2. d4 d5 3. Nc3 Bb4 4. e5 c5 5. a3 Bxc3+ 6. bxc3 Ne7 7. h4 Qc7 8. h5 cxd4 9. cxd4 Qc3+ 10. Bd2 Qxd4 11.
Nf3 Qa4 12. Rb1 a6 13. h6 gxh6 14. Rh4 Qd7 15. Rxh6 Nf5 16. Rf6 Qc7 17. Bd3 Nd7 18. g4 Nxf6 19. exf6 Nd6 20. Bf4 Qa5+ 21. Kf1 Nb5 22.
Rb3 Bd7 23. Ne5 Bc6 24. g5 Qa4 25. Qh5 Rf8 26. Be3 Nd6 27. Bxh7 d4 28. Rb4 Bb5+ 29. Kg2 Qxa3 30. Rxd4 O-O-O 31. Qf3 Qa2 32. Bd3 Bxd3 33. cxd3 Nb5 34. Rc4+ Kb8 35. Bf4 Ka8 36. Rb4 Qa5 37. Rb2 Qc3 38. Rb1 Qd4 39. Qe3 Qd5+ 40.
Qf3 Nd4 41. Qxd5 Rxd5 42. Nc4 Ka7 43. Bc7 b5 44. Bb6+ Kb7 45. Bxd4 Rxd4 46. Ne5 Rd5 47.
f4 Rxe5 48. fxe5 Rg8 49. Kf3 Rxg5 50. Kf4 Rf5+ 51. Ke4 Kb6 52. Rh1 b4 53. Rh7 b3 54.
Rxf7 b2 55. Rf8 Kb7 56. Rf7+ Kc6 57. Re7 b1=Q 58. Rxe6+ Kd7 59. Rd6+ Kc7 60. Kxf5 Qf1+ 61. Ke6 Qh3+ 62. Ke7 Qh7+ 63. f7 Qh4+ 64. Rf6 Qb4+ 65. Ke8 Qb5+ 66. Ke7 Qc5+ 67. Ke6 Qc6+ 68. Kf5 Qd7+ 69.
Kg6 Qxd3+ 70. Kg7 Qg3+ 71. Kh7 Qh4+ 72. Kg8 Qg5+ 73. Kh7 Qh5+ 74. Kg7 Qg5+ 75. Kh7 Qh4+ 76. Kg7 Qg5+ 77. Kh7 1/2-1/2

[Event "*** SCC Grand Prix: Titled Tuesday Blitz"]
[Site "Chess.com"]
[Date "2020.07.14"]
[Round "8"]
[White "WonderChampion"]
[Black "SanchezKelvin"]
[Result "0-1"]
[WhiteElo "1998"]
[BlackElo "2404"]
[TimeControl "180+1"]
[EndTime "11:38:12 PDT"]
[Termination "SanchezKelvin won on time"]

1. d4 d5 2. c3 Nf6 3. Nf3 c5 4. e3 Nc6 5. Bb5 Bg4 6. h3 Bxf3 7. Qxf3 e6 8. Nd2 Rc8 9. O-O cxd4 10. exd4 Bd6 11.
Qe2 O-O 12. Nf3 Ne4 13. Bd3 f5 14. Nd2 Qh4 15. Nf3 Qh5 16. Nh2 Qf7 17. Re1 Rce8 18.
Bxe4 fxe4 19. Be3 Qc7 20. Nf1 Rf6 21. Rad1 Ref8 22. b3 Qf7 23. Nd2 Rf5 24. Rf1 Bf4 25. Bxf4 Rxf4 26. f3 Qh5 27. Rde1 e5 28. fxe4 Qxe2 29.
Rxe2 exd4 30. Rxf4 Rxf4 31. exd5 dxc3 32. dxc6 cxd2 33.
Rxd2 bxc6 34. Rc2 Rf6 35. Rc4 Kf8 36. a4 Ke8 37. Rd4 Ke7 38. Rd3 Rf4 39. g3 Rf5 40. Kg2 Ke6 41. g4 Rd5 42. Re3+ Kd6 43. Rf3 Rd2+ 44.
Kg3 Rb2 45. Kf4 a5 46. Ke4 Kc5 47. Rc3+ Kb6 48. Kd4 c5+ 49. Kc4 Rd2 50. Re3 Rd4+ 51. Kc3 Rf4 52. Re6+ Kc7 53. Re3 Kc6 54. Re6+ Kd5 55.
Re3 g5 56. Rd3+ Ke5 57. Re3+ Kd5 58. Rd3+ Ke4 59. Re3+ Kxe3 60. Kc2 Rb4 61. Kc3 Kf4 62. Kc2 Kg3 63. Kc3 Kxh3 64. Kc2 Kxg4 65. Kc3 h5 66. Kc2 h4 67. Kc3 h3 68. Kc2 h2 69. Kc3 h1=Q 70. Kc2 Qf3 71. Kd2 Re4 72. Kc2 Re2+ 0-1

[Event "*** SCC Grand Prix: Titled Tuesday Blitz"]
[Site "Chess.com"]
[Date "2020.07.14"]
[Round "8"]
[White "tlomigtlis"]
[Black "Josip_buje"]
[Result "0-1"]
[WhiteElo "2410"]
[BlackElo "2303"]
[TimeControl "180+1"]
[EndTime "11:38:17 PDT"]
[Termination "Josip_buje won by checkmate"]

1. d4 d5 2. c4 c6 3. Nf3 Nf6 4.
Nc3 Bf5 5. cxd5 Nxd5 6. Qb3 Qb6 7.
Na4 Qxb3 8. axb3 Nd7 9. Nc3 Bg6 10. Bd2 Nb4 11. Rc1 e6 12. e4 Be7 13. Be2 O-O 14. O-O Rfd8 15. Be3 h6 16. Rfd1 Nf6 17.
Nd2 Rd7 18. f3 Rad8 19. Nc4 Rc7 20. Ne5 Bh7 21. Nb5 Rcc8 22. Nxa7 Ra8 23. d5 exd5 24.
Bb6 Re8 25. exd5 Nfxd5 26. Bf2 Bg5 27. Ra1 Bc2 28. Rd4 Rxe5 29. Bc4 Be3 30. Bxe3 Rxe3 31.
Kf2 Re7 32. Ra4 b5 33. Nxb5 Rxa4 34. bxa4 cxb5 35. axb5 Nf6 36. b6 Re8 37. Bb5 Nd3+ 38. Bxd3 Bxd3 39. Rxd3 Rb8 40. Rd6 Kf8 41. Rc6 Ke7 42.
Rc7+ Ke6 43. b7 Nd7 44. Rc6+ Ke7 45. Rc7 Kd6 46. Rc8 Rxb7 47. Rc2 Ne5 48. Rd2+ Ke6 49. Re2 Rxb2 50. f4 Rxe2+ 51. Kxe2 Kf5 52. fxe5 Kxe5 53. Ke3 Kf5 54. Kf3 g5 55. g4+ Kg6 56. Kg3 f5 57.
Kf3 f4 58. Ke4 Kf6 59. h3 Ke6 60. Kd4 Kd6 61. Ke4 Kc5 62. Ke5 Kc4 63. Ke4 Kc3 64. Kf3 Kd3 65. Kf2 Ke4 66. Kf1 f3 67. Kg1 Kf4 68. Kf2 Ke4 69. Kf1 Ke3 70. Ke1 Kf4 71. Kf1 Kg3 72. Kg1 Kxh3 73. Kf2 Kxg4 74. Kf1 Kf4 75. Kg1 g4 76. Kf2 g3+ 77. Kf1 f2 78. Kg2 Ke3 79. Kf1 h5 80. Kg2 Ke2 81. Kxg3 f1=Q 82.
Kh4 Qg2 83. Kxh5 Qg7 84. Kh4 Kf3 85. Kh5 Kf4 86. Kh4 Qg4# 0-1

[Event "*** SCC Grand Prix: Titled Tuesday Blitz"]
[Site "Chess.com"]
[Date "2020.07.14"]
[Round "8"]
[White "TimKett"]
[Black "Pavel_Mir"]
[Result "0-1"]
[WhiteElo "2161"]
[BlackElo "2358"]
[TimeControl "180+1"]
[EndTime "11:38:27 PDT"]
[Termination "Pavel_Mir won on time"]

1. e4 g6 2. d4 Bg7 3. Nc3 d6 4. Be3 a6 5. Qd2 b5 6. O-O-O Bb7 7. Bd3 Nd7 8. Kb1 c5 9. dxc5 Nxc5 10. f3 b4 11.
Nce2 Qa5 12. Nc1 Na4 13. Nb3 Qc7 14. Bd4 Bxd4 15. Nxd4 Qb6 16. Ka1 Nxb2 17. Rb1 Nxd3 18. Qxd3 Nf6 19. Nge2 O-O 20. h4 h5 21. Qd2 a5 22.
Ng3 Rfc8 23. Ngf5 Qd8 24. Qh6 Qf8 25. Qg5 Rc5 26. Qg3 Kh7 27. Rhe1 e5 28. Nb3 gxf5 29. Nxc5 f4 30. Qg5 dxc5 31. Qxf6 Qg7 32. Qxg7+ Kxg7 33. g3 fxg3 34. Rg1 Kf6 35. Rxg3 Rd8 36. Rg5 Rd2 37.
Rf5+ Ke6 38. Rc1 c4 39. Rxh5 c3 40. Rh6+ f6 41. Rh8 Ba6 42. h5 Be2 43. h6 Kf7 44. h7 Kg7 45. Rf8 Kxh7 46. Rxf6 Bd1 47. Kb1 a4 48. Re6 b3 49. axb3 axb3 50. cxb3 Bxb3 51.
Rxc3 Bxe6 52. Rc5 Kg6 53. Rxe5 Kf6 54. Ra5 Rf2 55. Kc1 Rxf3 56. Kd2 Rf2+ 57. Ke3 Rb2 58. Kf4 Rf2+ 59. Ke3 Rh2 60. Kf4 Rh4+ 61. Ke3 Rh3+ 62. Kd4 Ke7 63. e5 Bd7 64. Ra6 Rh4+ 65. Kd5 Rh1 66.
Rg6 Rd1+ 67. Ke4 Be6 68. Rg7+ Bf7 69. Rh7 Re1+ 70. Kf5 Rf1+ 71. Ke4 Ke6 72. Rh6+ Ke7 73. Rh7 Ke8 74. Rh8+ Kd7 75. Rh7 Kc6 76. Rh6+ Kc5 77.
Rf6 Bd5+ 78. Ke3 Re1+ 79. Kf4 Kd4 80. Kf5 Rxe5+ 81. Kg6 Be4+ 82. Kf7 Kd5 0-1

[Event "*** SCC Grand Prix: Titled Tuesday Blitz"]
[Site "Chess.com"]
[Date "2020.07.14"]
[Round "8"]
[White "chessplayer9919"]
[Black "Stormeman100100"]
[Result "1/2-1/2"]
[WhiteElo "2642"]
[BlackElo "2461"]
[TimeControl "180+1"]
[EndTime "11:38:43 PDT"]
[Termination "Game drawn - insufficient material"]

1. d4 Nf6 2. c4 e6 3. Nf3 d5 4. g3 dxc4 5. Bg2 a6 6. O-O Nc6 7. Nc3 Rb8 8. a4 Be7 9. e4 O-O 10. Bf4 b5 11. axb5 axb5 12. d5 exd5 13. exd5 Nb4 14. Nd4 Bb7 15. Ndxb5 Nfxd5 16. Nxd5 Nxd5 17. Be5 Bf6 18. Bxf6 Nxf6 19. Qxd8 Rfxd8 20. Nxc7 Bxg2 21. Kxg2 Rxb2 22. Ra4 c3 23. Rc4 c2 24. Rc1 h6 25. R4xc2 Rxc2 26. Rxc2 Rc8 27. Rc5 Nd7 28.
Rc3 Nb6 29. Nd5 Rxc3 30. Nxc3 g6 31. h4 h5 32. Ne4 Kg7 33. Nd6 Nd5 34. Kf3 Nf6 35.
Nc4 Nd5 36. Ne5 Nf6 37. Nd3 Nd5 38. Ke4 Nf6+ 39. Kd4 Ne8 40. Kd5 Nf6+ 41. Ke5 Ne8 42. Kd5 Nf6+ 43. Kd6 Ne8+ 44. Ke7 Nc7 45. Ne5 Nd5+ 46.
Kd6 Nc3 47. Nd3 Kf6 48. Kc5 Ne4+ 49. Kd4 Nd2 50. Ke3 Nc4+ 51. Kf4 Nd6 52. Ke3 Nf5+ 53. Kf3 Nd4+ 54. Kg2 Nf5 55. Nf4 Nd4 56. Nh3 Nf5 57. Ng1 Nd4 58. Nh3 Nf5 59. Ng5 Nd4 60. Ne4+ Ke5 61.
Nc5 Kf6 62. Nd3 Nf5 63. Kf3 Nd4+ 64. Ke4 Nf5 65. Nf4 Nd6+ 66. Kf3 Nf5 67. Nd5+ Ke5 68. Nb6 Kf6 69. Nd7+ Ke6 70. Nc5+ Kf6 71. Kg2 Nd4 72. f3 Nf5 73. Ne4+ Kg7 74. Kf2 f6 75. Nc5 g5 76.
Ne6+ Kg6 77. hxg5 fxg5 78. Kg2 Ne3+ 79. Kf2 Nf5 80. Nc5 g4 81. fxg4 hxg4 82. Ne4 Kh5 83. Nf6+ Kg6 84. Ne4 Nxg3 85. Nxg3 Kf6 86. Ke3 Kg5 87. Ke4 Kg6 88. Kf4 Kf6 89. Nf5 Ke6 90.
Ne3 Kd6 91. Kg3 Ke5 92. Nxg4+ 1/2-1/2

[Event "*** SCC Grand Prix: Titled Tuesday Blitz"]
[Site "Chess.com"]
[Date "2020.07.14"]
[Round "8"]
[White "KonstantinB_1983"]
[Black "novocane"]
[Result "1/2-1/2"]
[WhiteElo "2407"]
[BlackElo "2260"]
[TimeControl "180+1"]
[EndTime "11:38:44 PDT"]
[Termination "Game drawn - insufficient material"]

1. Nf3 c5 2. e4 Nc6 3. c3 Nf6 4.
d3 d5 5. Nbd2 e5 6. Be2 Bd6 7.
O-O O-O 8. Re1 d4 9. Nc4 b5 10. Nxd6 Qxd6 11. Bg5 Nd7 12. cxd4 cxd4 13. Rc1 Nb6 14.
Qc2 Bd7 15. Qc5 Qxc5 16. Rxc5 f6 17. Bd2 a6 18. Rec1 Rac8 19. b3 Ne7 20. Ba5 Na8 21. Nd2 Rxc5 22. Rxc5 Rc8 23. Rxc8+ Nxc8 24. Kf1 Ne7 25. Nb1 Nc6 26. Bd2 Nc7 27. f4 exf4 28.
Bxf4 Ne6 29. Bd2 Ne5 30. h3 Nc5 31. Bf4 Ncxd3 32. Bxd3 Nxd3 33. Bd6 Kf7 34. Bb8 Ke6 35. a3 Nc5 36. Nd2 Bc6 37. b4 Nxe4 38. Nb3 Kd5 39.
Ke2 Bd7 40. Ba7 Nc3+ 41. Kd2 Nb1+ 42. Kd3 Nxa3 43. Bxd4 Bf5+ 44. Kc3 Nc4 45. Ba7 Be6 46. Nc5 g6 47. Nxa6 Ne5 48. Nc7+ Kd6 49. Nxb5+ Ke7 50.
Bc5+ Kf7 51. Nd6+ Kg7 52. b5 Bd5 53. g3 Nf3 54. b6 h5 55. Kd3 g5 56. b7 Bxb7 57. Nxb7 f5 58. Ke3 Ne1 59. Bd4+ Kg6 60. Be5 Nc2+ 61. Kf3 Nb4 62. Nd6 g4+ 63. hxg4 fxg4+ 64. Kg2 Nd5 65. Bd4 Kg5 66. Bf2 Nf6 67. Nf7+ Kg6 68.
Ne5+ Kf5 69. Nd3 Ne4 70. Be1 Kg5 71. Ne5 Kf5 72. Nc4 Kg5 73. Ne3 Nf6 74. Kf1 Ne4 75.
Ke2 Kg6 76. Kd3 Ng5 77. Bf2 Nf3 78.
Ke4 h4 79. gxh4 Kh5 80. Kf4 Nxh4 81. Nf5 Nxf5 82. Kxf5 g3 83. Bxg3 1/2-1/2

[Event "*** SCC Grand Prix: Titled Tuesday Blitz"]
[Site "Chess.com"]
[Date "2020.07.14"]
[Round "8"]
[White "profofchess"]
[Black "Jaka_Brilej"]
[Result "1/2-1/2"]
[WhiteElo "2460"]
[BlackElo "2331"]
[TimeControl "180+1"]
[EndTime "11:38:46 PDT"]
[Termination "Game drawn by repetition"]

1. e4 c5 2. Nf3 Nc6 3. Bb5 Nf6 4. Nc3 g6 5. e5 Ng4 6. Bxc6 dxc6 7. d3 Bg7 8. Bf4 Nh6 9. Ne4 b6 10. O-O O-O 11.
Qd2 Nf5 12. c3 Ba6 13. Rad1 Qd7 14. g4 Nd4 15. Nxd4 cxd4 16. cxd4 Qxd4 17. Qc3 Qd5 18. Qb3 Bxe5 19. Qxd5 cxd5 20. Bxe5 dxe4 21. Rfe1 exd3 22. Bc3 e6 23. Re4 Rfd8 24. Kf1 Rd5 25. Ke1 Bb5 26. Kd2 Rc8 27. Rde1 Rc4 28. b3 Rxe4 29.
Rxe4 h5 30. h3 Kf8 31. f4 hxg4 32. hxg4 Ke8 33. g5 Kd7 34. b4 a6 35. Be5 Bc6 36. Re1 a5 37. a3 axb4 38. axb4 Rb5 39. Kxd3 Rxb4 40. Ra1 Ra4 41. Rb1 b5 42. Rd1 Bd5 43. Rc1 Bc4+ 44. Kd4 Ra2 45. Kc5 Ra6 46. Rd1+ Ke8 47.
Rh1 Ra7 48. Bf6 Kd7 49. Rh8 Rc7+ 50. Kb4 Rb7 51. Be5 Kc6 52. Rc8+ Kd5 53. Rf8 Ke4 54.
Rd8 Kf5 55. Rf8 Rd7 56. Re8 Kg4 57. Rf8 Kf3 58. Re8 Ke4 59. Rf8 Be2 60. Re8 Rd1 61. Rf8 Rb1+ 62. Kc3 b4+ 63. Kd2 Bg4 64. Rxf7 Bf5 65.
Rd7 Rb3 66. Rd4+ Kf3 67. Rd6 Re3 68. Kc1 Rxe5 69. fxe5 Ke4 70. Rb6 Kxe5 71. Rxb4 Be4 72. Kd2 Kf5 73. Ke3 Bd5 74. Rf4+ Kxg5 75. Rf8 Kh4 76. Kd4 g5 77. Ke5 Kg4 78. Rg8 Kf3 79. Rxg5 Ke3 80. Rg6 Kd3 81. Rg3+ Kc4 82. Rg1 Kd3 83.
Rd1+ Kc2 84. Rd4 Kb2 85. Rh4 Ka2 86. Rh3 Kb2 87. Kd4 Ka1 88. Rh2 Ba2 89. Re2 e5+ 90.
Kxe5 Bb1 91. Rf2 Ba2 92. Kd4 Bb1 93. Kc3 Ba2 94. Kb4 Bb1 95. Kc5 Ba2 96. Kb6 Bb1 97.
Ka5 Ba2 98. Kb4 Bb1 99. Ka3 Bd3 100. Kb4 Bb1 1/2-1/2

[Event "*** SCC Grand Prix: Titled Tuesday Blitz"]
[Site "Chess.com"]
[Date "2020.07.14"]
[Round "8"]
[White "Oligan22"]
[Black "nocnypako"]
[Result "1/2-1/2"]
[WhiteElo "2462"]
[BlackElo "2590"]
[TimeControl "180+1"]
[EndTime "11:39:05 PDT"]
[Termination "Game drawn by repetition"]

1. e4 e6 2. d4 d5 3. Nc3 Bb4 4. Ne2 Nf6 5. e5 Ne4 6. Bd2 Nxd2 7. Qxd2 c5 8. a3 Bxc3 9. Qxc3 cxd4 10. Nxd4 O-O 11.
O-O-O Qg5+ 12. Qe3 Qxe3+ 13. fxe3 Bd7 14. Bd3 Nc6 15.
Nf3 Rac8 16. e4 Ne7 17. exd5 Nxd5 18. Rhe1 Bc6 19. Nd4 Nf4 20. Nxc6 Rxc6 21. g3 Nxd3+ 22. Rxd3 Rfc8 23. c3 Kf8 24. Rd7 R6c7 25. Rxc7 Rxc7 26. Kc2 Ke7 27. b4 Rd7 28. c4 h5 29. Kc3 f6 30.
exf6+ Kxf6 31. c5 e5 32. Rf1+ Ke6 33. Rf8 e4 34. Re8+ Kf5 35. b5 Rd5 36. Kc4 Re5 37. Rf8+ Ke6 38. Re8+ Kf5 39. Rf8+ Ke6 40. Re8+ Kf6 41.
Rf8+ Ke7 42. Rf1 e3 43. Kd4 Ke6 44. Re1 e2 45. c6 bxc6 46. bxc6 Kd6 47. c7 Rd5+ 48. Ke4 Rc5 49. Rxe2 Rxc7 50. Rb2 Rc4+ 51. Kd3 Ra4 52. Rb3 Kd5 53. Rc3 g5 54. Ke3 h4 55.
Kf3 hxg3 56. hxg3 a5 57. Re3 g4+ 58. Kf2 Kd4 59. Rb3 Rc4 60. Ke1 Rc3 61. Rb5 Rxa3 62. Rg5 Rxg3 63. Kf2 Ra3 64. Rxg4+ Kc3 65. Ke2 a4 66.
Rg3+ Kb2 67. Rg4 Ra1 68. Kd2 a3 69. Rb4+ Ka2 70. Kc2 Rh1 71. Rb8 Rh2+ 72. Kc1 Rh7 73. Kc2 Rc7+ 74. Kd2 Ka1 75. Kd1 Rc3 76. Kd2 Rc5 77. Kd1 Ka2 78. Kd2 Rc6 79. Kd1 Rc3 80. Kd2 Rb3 81. Rc8 Ka1 82. Kc2 Rb6 83. Rc7 Rb5 84. Rc8 Rb2+ 85. Kc1 Ka2 86. Rc7 Kb3 87. Rb7+ Ka2 88. Rc7 Rb1+ 89. Kc2 Rh1 90. Rc8 Rh2+ 91. Kc1 Rh3 92. Kc2 Rh6 93. Kc1 Rb6 94. Kc2 Ka1 95.
Kc1 Rb2 96. Rc7 a2 97. Rc8 Rh2 98. Rc7 Rh1+ 99. Kc2 Rh2+ 100. Kc1 Rh6 101. Kc2 Rg6 102. Kc1 Rg1+ 103. Kc2 Rf1 104. Rc8 Rg1 105. Rc7 Rf1 106. Rc8 Rg1 107. Rc7 1/2-1/2

[Event "*** SCC Grand Prix: Titled Tuesday Blitz"]
[Site "Chess.com"]
[Date "2020.07.14"]
[Round "8"]
[White "BogdanDeac"]
[Black "Fandorine"]
[Result "1/2-1/2"]
[WhiteElo "2805"]
[BlackElo "2943"]
[TimeControl "180+1"]
[EndTime "11:39:12 PDT"]
[Termination "Game drawn by repetition"]

1. e4 e5 2. Nf3 Nc6 3. Bb5 a6 4. Ba4 Nf6 5. O-O Be7 6. d3 d6 7. c3 O-O 8. Re1 Re8 9. Nbd2 Bf8 10. Nf1 h6 11. h3 b5 12. Bc2 d5 13. a4 dxe4 14. dxe4 Qxd1 15. Rxd1 Be6 16. b4 Bd6 17. g4 Nd7 18. Be3 Red8 19. Nh4 Bf8 20. Nf5 Kh7 21. axb5 axb5 22. Bd3 Rxa1 23. Rxa1 Rb8 24. Nd2 g6 25. Ng3 Nd8 26. Ra5 c6 27. Ne2 Be7 28. Nc1 Kg7 29.
Ncb3 Bg5 30. Bxg5 hxg5 31. Ra7 Nb7 32. Kf1 Nd6 33. Na5 Rc8 34. Ra6 Nb8 35. Rb6 Kf6 36. Ndb3 Bd7 37. Nc5 Be8 38. f3 Ke7 39. Kf2 Kf6 40.
c4 bxc4 41. Bxc4 Ke7 42. Bd3 Kf8 43. Ke3 Ke7 44. Bc2 Kf8 45. Bd3 Ke7 46. Nc4 Nxc4+ 47.
Bxc4 Kd6 48. Rb7 Nd7 49. Nxd7 Bxd7 50. Bxf7 Ra8 51. Bxg6 Ra3+ 52. Ke2 Ra1 53. Bf5 Be8 54. Rb8 Bf7 55. Rf8 Bc4+ 56. Kd2 Ra3 57. Rf6+ Kc7 58. Rg6 Rd3+ 59. Kc2 Rxf3 60. Rxg5 Rxh3 61. Rh5 Rg3 62. g5 Kb6 63. g6 Kb5 64. Rh7 Kxb4 65. Rb7+ Kc5 66.
g7 Rg2+ 67. Kc3 Rg3+ 68. Kd2 Kd4 69. Rd7+ Kc5 70. Bh7 Rg2+ 71. Ke3 Rg3+ 72. Kf2 Rg5 73. Ra7 Kd4 74. Rd7+ Kc3 75. Rc7 c5 76. Rxc5 Rxg7 77.
Bf5 Kd4 78. Rc8 Ra7 79. Rd8+ Kc3 80. Ke3 Ra3 81. Kf2 Ra2+ 82. Kg3 Rd2 83. Rc8 Kd4 84. Rd8+ Ke3 85. Rxd2 Kxd2 86. Kg4 Ke3 87. Kg3 Kd4 88. Kf2 Bd3 89. Kf3 Bc2 90. Bg6 Bb3 91. Kf2 Be6 92.
Bf5 Bf7 93. Ke2 Bh5+ 94. Kf2 Kd3 95. Bh7 Kd2 96. Bf5 Be2 97. Bh7 Bd3 98. Bf5 Kc3 99. Ke3 Bc2 100. Bh7 Bb3 101. Bf5 Bc4 102. Bh7 Bb3 103. Bf5 Bc4 104. Bh7 Bb3 1/2-1/2